 Dungeon Crawl Stone Soup version 0.17-a0-1105-gbe8b664 (webtiles) character file.

1714 nubinia the Magician (level 8, 0/37 HPs)
             Began as a Spriggan Conjurer on May 21, 2015.
             Was a Believer of Ashenzari.
             Slain by a hippogriff (2 damage)
             ... on level 7 of the Dungeon.
             The game lasted 00:51:19 (11034 turns).

nubinia the Magician (Spriggan Conjurer)           Turns: 11034, Time: 00:51:19

Health: 0/37       AC:  3    Str:  4    XL:     8   Next: 74%
Magic:  2/20       EV: 20    Int: 19    God:    Ashenzari [**....]
Gold:   199        SH:  5    Dex: 16    Spells: 3 memorised, 12 levels left

rFire  . . .     SeeInvis +     o - +1 dagger (curse)
rCold  . . .     Clarity  .     a - +1 robe
rNeg   . . .     SustAb   .     t - +0 buckler (curse)
rPois  .         Gourm    .     (helmet restricted)
rElec  .         Spirit   .     (no cloak)
rCorr  .         Warding  .     (gloves unavailable)
rMut   .         Stasis   +     (boots unavailable)
MR     +....                    y - amulet of stasis (curse)
Stlth  +++++.....               (no ring)
                                g - ring of stealth (curse)

@: very quick, somewhat resistant to hostile enchantments, quite stealthy
A: unfitting armour, see invisible, herbivore 3, speed 3, slow metabolism 2
a: Scrying, Renounce Religion


You were on level 7 of the Dungeon.
You worshipped Ashenzari.
Ashenzari was pleased with you.
You were full.

You visited 1 branch of the dungeon, and saw 7 of its levels.
You also visited: Sewer.

You collected 354 gold pieces.
You spent 155 gold pieces at shops.

Inventory:

Hand weapons
 e - a +0 hunting sling
 i - a +0 hunting sling
 n - a +3 club
 o - a cursed +1 dagger (weapon)
Missiles
 j - 38 sling bullets
 l - 181 stones (quivered)
Armour
 a - a +1 robe (worn)
 h - a cursed +0 robe
 t - a cursed +0 buckler (worn)
Jewellery
 g - a cursed ring of stealth (left hand)
 y - a cursed amulet of stasis (around neck)
Magical devices
 m - a wand of enslavement (5)
 v - a wand of teleportation (1)
Scrolls
 d - 4 scrolls of magic mapping
 k - a scroll of enchant weapon
 p - 4 scrolls of curse weapon
 q - a scroll of curse armour
 x - a scroll of fog
 B - 3 scrolls of enchant armour
 D - a scroll of identify
 E - a scroll of teleportation
 F - a scroll of remove curse
Potions
 f - 4 potions of might
 r - 4 potions of heal wounds
 s - a potion of agility
 u - a potion of lignification
 w - a potion of brilliance
 z - 4 potions of magic
 A - a potion of curing
 C - a potion of cure mutation
Books
 b - a book of Conjurations

   Spells                             Type                      Level
   a - Magic Dart                     Conjuration                  1
   b - Searing Ray                    Conjuration                  2
   c - Dazzling Spray                 Conjuration/Hexes            3
   d - Fulminant Prism                Conjuration/Hexes            4
   e - Iskenderun's Mystic Blast      Conjuration                  4
   f - Iskenderun's Battlesphere      Conjuration/Charms           5
Comestibles
 c - 4 bread rations


   Skills:
 + Level 1.5 Fighting
 + Level 2.1 Short Blades
 + Level 6.2 Dodging
 + Level 5.8 Stealth
 + Level 1.1 Shields
 + Level 7.4 Spellcasting
 - Level 3.6 Conjurations
 * Level 5.0 Hexes
 * Level 7.0 Charms


You had 12 spell levels left.
You knew the following spells:

 Your Spells              Type           Power        Failure   Level  Hunger
a - Magic Dart            Conj           ###.         3%          1    None
b - Dazzling Spray        Conj/Hex       ###.....     10%         3    #......
c - Iskenderun's Battles  Conj/Chrm      ####....     50%         5    #####..


Dungeon Overview and Level Annotations

Branches:
Dungeon (7/15)
 Temple: D:4-7

Altars:
Ashenzari
Nemelex Xobeh
Okawaru

Shops:
D:5 *

Annotations:
D:2 Sigmund
D:6 Blork the orc, Eustachio


Innate Abilities, Weirdness & Mutations

You are tiny and cannot use many weapons and most armour.
You have supernaturally acute eyesight.
You are a herbivore.
You cover ground extremely quickly.
You need consume almost no food.


Message History

You closely miss the hippogriff.
The hippogriff is almost dead.
The hippogriff barely misses you. The hippogriff closely misses you.
The hippogriff claws you.
You hit the hippogriff.
The hippogriff is almost dead.
You block the hippogriff's attack. The hippogriff barely misses you.
The hippogriff claws you.
* * * LOW HITPOINT WARNING * * *
Casting: Dazzling Spray
Confirm with . or Enter, or press ? or * to list all spells.
Aiming: Magic Dart
Press: ? - help, Shift-Dir - straight line, f/p - hippogriff
Aim: a hippogriff (almost dead)
The magic dart hits the hippogriff.
The hippogriff is almost dead.
The hippogriff bites you.
* * * LOW HITPOINT WARNING * * *
The hippogriff pecks you.
You die...

♣♣♣♣.♣♣♣♣.♣♣ , ,
♣...♣♣.)♣ ♣♣♣...†♣♣ *
*** ♣♣.♣♣♣ ... ♣♣♣.♣ *
, $. ♣..♣♣ *. , ,* OO
* ♣.♣♣ ... . * ♣.♣♣
♣♣♣♣...♣* *♣.
♣♣@♣♣♣♣....♣** ♣.♣
♣♣HZ...♣♣ * ♣.♣♣♣
♣♣♣♣...♣ ♣.y♣♣♣
♣♣...♣♣♣♣♣♣♣♣♣♣
♣♣♣O.♣♣♣
♣..)..†..÷.♣♣.. * *
♣♣♣..♣♣♣..♣♣♣♣♣♣♣....♣
, ♣♣♣..Z.♣♣ ♣♣♣♣♣♣ ,
*** ♣♣♣♣♣♣ ,, ** *


You could see a hippogriff and an adder skeleton.

Vanquished Creatures
  A wasp (D:7)
  A killer bee (D:7)
  2 ogres
  A giant frog (D:7)
  2 phantoms
  A wyvern skeleton (D:6)
  3 scorpions (D:5)
  A gnoll shaman (D:3)
  A jelly (D:6)
  2 hounds
  An iguana (D:3)
  Jessica (D:2)
  6 worker ants
  6 orc wizards
  A hound skeleton (D:4)
  15 gnolls
  3 river rats
  4 adders
  An adder zombie (D:6)
  An ooze (D:2)
  An adder skeleton (D:5)
  A giant gecko (D:7)
  20 orcs
  3 giant cockroaches
  11 goblins
  11 hobgoblins
  20 jackals
  9 kobolds
  2 quokkas
  5 ball pythons
  11 bats
  8 giant newts
  14 rats
170 creatures vanquished.

Vanquished Creatures (collateral kills)
  A hound (D:7)
1 creature vanquished.

Vanquished Creatures (others)
  An ogre (D:7)
1 creature vanquished.

Grand Total: 172 creatures vanquished

Notes
Turn   | Place    | Note
--------------------------------------------------------------
     0 | D:1      | nubinia the Spriggan Conjurer began the quest for the Orb.
     0 | D:1      | Reached XP level 1. HP: 9/9 MP: 5/5
   487 | D:1      | Found a shattered altar of Ashenzari.
   602 | D:1      | Reached XP level 2. HP: 13/13 MP: 0/7
  1366 | D:2      | Noticed Jessica
  1500 | D:1      | Became a worshipper of Ashenzari the Shackled
  1630 | D:2      | Killed Jessica
  1630 | D:2      | Reached XP level 3. HP: 7/16 MP: 3/9
  2069 | D:2      | Learned a level 3 spell: Dazzling Spray
  2341 | D:2      | Noticed Sigmund
  2409 | D:3      | Reached skill level 1 in Hexes
  2411 | D:3      | Reached XP level 4. HP: 21/21 MP: 5/10
  2546 | D:3      | Reached skill level 4 in Spellcasting
  3482 | D:3      | Found a sparkling altar of Nemelex Xobeh.
  3795 | D:3      | Reached XP level 5. HP: 18/24 MP: 5/13
  3802 | D:3      | Learned a level 5 spell: Iskenderun's Battlesphere
  3884 | D:4      | Noticed a phantom
  3898 | D:3      | Killed a phantom
  4244 | D:4      | Reached XP level 6. HP: 19/28 MP: 1/14
  4424 | D:4      | Reached skill level 5 in Spellcasting
  5771 | D:4      | Noticed an ogre
  5888 | D:3      | Reached skill level 1 in Fighting
  5888 | D:3      | Reached XP level 7. HP: 30/33 MP: 5/15
  6224 | D:4      | Reached skill level 1 in Short Blades
  6356 | D:4      | Killed an ogre
  6634 | D:4      | Reached skill level 5 in Charms
  6966 | D:4      | Reached skill level 5 in Dodging
  7014 | D:5      | Entered Level 5 of the Dungeon
  7061 | D:5      | Found Ehiell's Assorted Antiques.
  7064 | D:5      | Bought a triangular ruby amulet for 155 gold pieces
  7568 | D:5      | Found a glowing drain.
  7572 | Sewer    | Entered a sewer
  7644 | Sewer    | Reached skill level 6 in Spellcasting
  8948 | D:5      | Reached XP level 8. HP: 30/37 MP: 13/18
  9730 | D:6      | Found an iron altar of Okawaru.
  9735 | D:6      | Noticed Eustachio
 10227 | D:6      | Acquired Ashenzari's first power
 10227 | D:6      | Noticed Blork the orc
 10239 | D:6      | Reached skill level 7 in Spellcasting
 10597 | D:7      | Reached skill level 1 in Shields
 10619 | D:7      | Reached skill level 5 in Stealth
 10988 | D:7      | Reached skill level 5 in Hexes
 11034 | D:7      | Slain by a hippogriff

Vault maps used:
D:1:      sevenhm_arrival_forest_fort_small_3, ashenzari_altar_1
D:2:      minmay_overflow_temple_star_hex, serial_park_tiny_1,
          serial_bayou_pond_e, uniq_sigmund, uniq_jessica
D:3:      first_bread, grunt_ministairs_13, nemelex_deck
D:5:      gup_sewer_entry_bowl, serial_shops, kennysheep_mini, kennysheep_dice
D:6:      okawaru_metal_pillars_3, minmay_temple_entry_enclosed_plants,
          uniq_eustachio, uniq_blork_the_orc
D:7:      forest_paths, enter_bailey_3, uniq_joseph, uniq_menkaure
Sewer:    sewer_co_cracked_pipes

Action                   |  1- 3 |  4- 6 |  7- 9 || total
-------------------------+-------+-------+-------++-------
Melee: Dagger            |     1 |   116 |   177 ||   294
 Cast: Magic Dart        |    72 |   218 |   273 ||   563
       Dazzling Spray    |       |    10 |     6 ||    16
Evoke: Wand              |       |       |     2 ||     2
  Use: Potion            |     6 |     2 |     2 ||    10
       Scroll            |     4 |     4 |    10 ||    18
 Stab: Sleeping          |     1 |     4 |     9 ||    14
       Invisible         |       |     6 |     2 ||     8
       Distracted        |       |       |     1 ||     1
  Eat: Fruit             |       |     7 |       ||     7
       Bread ration      |       |       |     1 ||     1
